 Dungeon Crawl Stone Soup version 0.18.1-50-g88ac8fd (webtiles) character file.

148 sleepydude the Digger (level 5, -1/28 HPs)
             Began as a Gargoyle Earth Elementalist on Oct 12, 2016.
             Slain by an iguana (10 damage)
             ... on level 4 of the Dungeon.
             The game lasted 00:23:01 (3284 turns).

sleepydude the Digger (Gargoyle Earth Elementalist) Turns: 3284, Time: 00:23:02

Health: -1/28      AC:  6    Str: 12    XL:     5   Next: 30%
Magic:  8/11       EV: 12    Int: 16    God:
Gold:   159        SH:  0    Dex: 10    Spells: 2 memorised, 8 levels left

rFire  . . .     SeeInvis .     i - +0 mace
rCold  . . .     Gourm    .     a - +0 robe
rNeg   + . .     Faith    .     (no shield)
rPois  ∞         Spirit   .     (no helmet)
rElec  +         Dismiss  .     (no cloak)
rCorr  +         Reflect  .     (no gloves)
SustAt .         Harm     .     (no boots)
MR     .....                    (no amulet)
Stlth  ++........               (no ring)
                                l - ring of resist corrosion

@: not resistant to hostile enchantments, unstealthy
A: negative energy resistance 1, electricity resistance, unbreathing,
petrification resistance, rot immunity, AC +4
a: no special abilities


You were on level 4 of the Dungeon.
You were not hungry.

You visited 1 branch of the dungeon, and saw 4 of its levels.

You collected 159 gold pieces.

Inventory:

Hand Weapons
 e - a +0 short sword
 i - a +0 mace (weapon)
Missiles
 b - 64 stones (quivered)
Armour
 a - a +0 robe (worn)
Jewellery
 l - a ring of resist corrosion (left hand)
Scrolls
 j - 2 scrolls of identify {unknown}
 k - a scroll of amnesia {unknown}
 n - 2 scrolls of remove curse {unknown}
 s - a scroll of blinking {unknown}
 t - a scroll of enchant weapon {unknown}
Potions
 f - a potion of resistance {unknown}
 h - 2 potions of cure mutation {unknown}
 m - a potion of invisibility {unknown}
 o - 3 potions of agility {unknown}
 p - a potion of flight {unknown}
Books
 c - a book of Geomancy

   Spells                             Type                      Level
   a - Sandblast                      Earth                        1
   b - Passwall                       Transmutation/Earth          2
   c - Stone Arrow                    Conjuration/Earth            3
   d - Petrify                        Transmutation/Earth          4
   e - Lee's Rapid Deconstruction     Earth                        5
Comestibles
 d - 7 bread rations
 g - a meat ration
 q - 9 fruits
 r - a chunk of flesh


   Skills:
 - Level 1.5 Dodging
 - Level 2.1 Stealth
 * Level 4.2 Spellcasting
   Level 0.7 Transmutations
 + Level 4.9 Earth Magic


You had 8 spell levels left.
You knew the following spells:

 Your Spells              Type           Power        Failure   Level  Hunger
a - Sandblast             Erth           ###...       2%          1    None
b - Stone Arrow           Conj/Erth      ##....       17%         3    ###....


Dungeon Overview and Level Annotations

Branches:
Dungeon (4/15)
 Temple: D:4-7

Altars:


Innate Abilities, Weirdness & Mutations

You are resistant to torment.
Your stone body is resilient (AC +4).
You are immune to poison.
You resist negative energy.
You are resistant to electric shocks.
You can survive without breathing.
You are immune to petrification.
You are immune to rotting.


Message History

You closely miss the iguana.
The iguana is heavily wounded.
The iguana misses you.
Casting: Sandblast
Confirm with . or Enter, or press ? or * to list all spells.
Aiming: Sandblast
Press: ? - help, Shift-Dir - straight line, f/p - iguana
Aim: an iguana (heavily wounded)
The blast of sand misses the iguana.
The iguana bites you.
A hound comes into view.
Casting: Sandblast
Confirm with . or Enter, or press ? or * to list all spells.
Aiming: Sandblast
Press: ? - help, Shift-Dir - straight line, f/p - iguana
Aim: an iguana (heavily wounded)
The blast of sand hits the iguana.
The iguana is almost dead.
The hound barks!
The iguana bites you!
You die...

####### ###### #####
#.....####....#####.....
#.....'..'....#......♣.♣
'.....#..#....#.......⌠.
#.....#..#....#.@l...h..
#.....####....#'###.##.#
'................#
#................#
#................#
#................#
#................#
#................#
#.................


You could see an iguana and a hound.

Vanquished Creatures
  4 adders
  4 gnolls (D:4)
  A howler monkey skeleton (D:4)
  An ooze (D:3)
  3 giant geckos
  4 orcs
  A ball python (D:3)
  2 giant cockroaches
  6 goblins
  4 hobgoblins
  11 jackals
  3 kobolds
  3 bats
  4 giant newts
  A rat (D:2)
52 creatures vanquished.

Notes
Turn   | Place    | Note
--------------------------------------------------------------
     0 | D:1      | sleepydude the Gargoyle Earth Elementalist began the quest for the Orb.
     0 | D:1      | Reached XP level 1. HP: 10/10 MP: 3/3
   157 | D:1      | Reached XP level 2. HP: 15/15 MP: 3/5
  1038 | D:2      | Reached XP level 3. HP: 17/19 MP: 2/7
  2094 | D:3      | Reached XP level 4. HP: 24/24 MP: 6/9
  2287 | D:3      | Learned a level 3 spell: Stone Arrow
  3065 | D:4      | Reached XP level 5. HP: 19/28 MP: 4/10
  3284 | D:4      | Slain by an iguana

Skill      XL: |  1  2  3  4  5 |
---------------+----------------+-----
Earth Magic    | 4 |  4.9
Spellcasting   | 3 4 |  4.2
Dodging        | |  1.5
Stealth        | |  2.1
Transmutations | |  0.7

Action                   |  1- 3 |  4- 6 || total
-------------------------+-------+-------++-------
Melee: Mace              |    14 |    46 ||    60
 Cast: Sandblast         |    62 |    44 ||   106
 Stab: Sleeping          |     2 |     1 ||     3
  Eat: Chunk             |     4 |     4 ||     8
Armor: Robe              |    19 |    33 ||    52
Dodge: Dodged            |    23 |    50 ||    73
